Map: Prion Terraces

Players

Spider

  • Race: Terran Terran
  • League: Platinum

LilDicky - Winner!

  • Race: Terran Terran
  • League: Diamond

VOD

http://www.twitch.tv/tumescentpie

Description

Time

  • Played on: Nov. 28, 2015, 3:03 a.m.
  • Length: 4:00
Show
View Real Time Build Order
Export as new Build Order

Spider Terran 

Build Orders:  

Get SALT Encoding   

  12  0:01  SCV  
  13  0:13  SCV  
  14  0:19  Supply Depot  
  14  0:26  SCV  
  15  0:41  SCV  
  16  0:45  Barracks  
  16  0:48  Refinery  
  16  0:53  SCV  
  17  1:05  SCV  
  18  1:17  SCV  
  20  1:35  Supply Depot, Reaper  
  20  1:37  Orbital Command  
  20  1:55  Command Center  
  20  2:05  SCV  
  21  2:13  Barracks Reactor  
  21  2:18  SCV  
  22  2:30  SCV  
  22  2:32  Supply Depot  
  22  2:34  Barracks x2  
  23  2:42  SCV  
  24  2:50  Marine x2  
  25  2:56  SCV  
  26  3:08  SCV  
  24  3:22  Marine x3  
  24  3:23  Marine  
  26  3:31  SCV x2  
  26  3:40  Marine x3  
  24  3:43  SCV  
Show
View Real Time Build Order
Export as new Build Order

LilDicky Terran - Winner!

Build Orders:  

Get SALT Encoding   

  12  0:01  SCV  
  13  0:14  SCV  
  14  0:18  Supply Depot  
  14  0:26  SCV  
  15  0:31  Refinery  
  15  0:40  SCV  
  16  0:53  SCV  
  17  0:57  Barracks  
  17  1:06  SCV  
  18  1:15  Barracks  
  18  1:17  Barracks  
  18  1:28  SCV  
  19  1:33  Refinery  
  19  1:40  SCV  
  19  1:45  Supply Depot  
  19  1:46  Reaper  
  21  1:59  Orbital Command  
  21  2:04  Reaper  
  21  2:06  Reaper  
  23  2:20  Reaper  
  24  2:26  SCV  
  25  2:35  Supply Depot  
  25  2:36  Reaper  
  26  2:38  Reaper  
  27  2:53  Reaper  
  27  2:57  SCV  
  29  3:08  Reaper  
  29  3:10  Reaper  
  31  3:25  Reaper  
Tags
 
Add a new tag
Caveats
  • Supply blocks, unpowered buildings, or Contaminate may cause inaccurate times.
  • Supply counts are checked every 10 seconds.